General information
- name: BNet
- type: Ladder 1vs1/FFA
- host: Battle.net
- saver: lllIIIIllIIllII
map: MeltingValley
- players: 2
- length: 25:15
- speed: Fast
- version: 1.24 W3XP
- replay type: Public
» download(76 KB)
Players
team 1 (loser)
corker (
teal | 74 APM | 1870 actions | 25:12)
4 Death Knight
2 Death Coil
2 Unholy Aura
2 Lich
1 Frost Armor
1 Frost Nova
» actions
| Assign group hotkey | 41 | |
| Basic commands | 4 | |
| Build / train | 61 | |
| Enter build submenu | 25 | |
| Enter hero's abilities submenu | 6 | |
| Remove unit from queue | 1 | |
| Right click | 902 | |
| Select / deselect | 405 | |
| Select group hotkey | 344 | |
| Use ability | 81 | |
1870 total
» units
| Acolyte | 8 | |
| Ghoul | 7 | |
| Crypt Fiend | 5 | |
| Obsidian Statue | 2 | |
| Meatwagon | 4 | |
26 total
» upgrades
| Creature Carapace | 1 | |
| Creature Attack | 1 | |
| Web | 1 | |
| Destroyer Form | 1 | |
4 total
» buildings
| Ziggurat | 9 | |
| Crypt | 1 | |
| Graveyard | 1 | |
| Altar of Darkness | 1 | |
| Tomb of Relics | 2 | |
| Nerubian Tower | 2 | |
| Halls of the Dead | 1 | |
| Black Citadel | 2 | |
| Slaughterhouse | 2 | |
| Necropolis | 1 | |
| Spirit Tower | 5 | |
27 total
» build order
00:06 Ziggurat
00:07 Crypt
00:41 Graveyard
00:57 Altar of Darkness
01:44 Ziggurat
02:01 Tomb of Relics
02:09 Nerubian Tower
04:40 Halls of the Dead
07:51 Black Citadel
09:08 Black Citadel
09:08 Black Citadel
09:50 Slaughterhouse
09:53 Slaughterhouse
10:56 Ziggurat
10:57 Ziggurat
14:45 Necropolis
15:14 Spirit Tower
15:32 Ziggurat
15:35 Ziggurat
15:44 Ziggurat
15:47 Ziggurat
16:32 Tomb of Relics
17:19 Spirit Tower
17:38 Spirit Tower
17:52 Spirit Tower
18:43 Ziggurat
» items
| Rod of Necromancy | 1 | |
| Sacrificial Skull | 1 | |
| Dust of Appearance | 4 | |
| Potion of Healing | 1 | |
| Scroll of Town Portal | 2 | |
| Potion of Lesser Invulnerability | 1 | |
10 total
team 2 (winner)
lllIIIIllIIllII (
blue | 61 APM | 1541 actions | 25:15)
5 Blademaster
2 Wind Walk
3 Critical Strike
» actions
| Assign group hotkey | 14 | |
| Basic commands | 53 | |
| Build / train | 77 | |
| ESC pressed | 10 | |
| Enter build submenu | 55 | |
| Enter hero's abilities submenu | 5 | |
| Give item / drop item | 11 | |
| Right click | 729 | |
| Select / deselect | 239 | |
| Select group hotkey | 225 | |
| Use ability | 123 | |
1541 total
» units
» upgrades
| Ranged Weapons | 3 | |
| Armor | 4 | |
| Liquid Fire | 1 | |
| Reinforced Defenses | 1 | |
| Spiked Barricades | 1 | |
10 total
» buildings
| Altar of Storms | 1 | |
| Orc Burrow | 10 | |
| Voodoo Lounge | 2 | |
| War Mill | 1 | |
| Stronghold | 2 | |
| Watch Tower | 25 | |
| Beastiary | 2 | |
| Fortress | 1 | |
| Great Hall | 2 | |
| Spirit Lodge | 1 | |
47 total
» build order
00:08 Altar of Storms
00:23 Orc Burrow
00:55 Voodoo Lounge
01:07 War Mill
02:19 Stronghold
02:20 Stronghold
02:58 Watch Tower
03:04 Watch Tower
03:16 Watch Tower
04:25 Orc Burrow
04:28 Orc Burrow
04:29 Orc Burrow
04:42 Beastiary
04:56 Orc Burrow
05:13 Watch Tower
05:18 Watch Tower
05:35 Orc Burrow
06:28 Beastiary
06:36 Watch Tower
06:55 Orc Burrow
09:43 Fortress
09:49 Watch Tower
10:31 Orc Burrow
15:39 Watch Tower
15:40 Watch Tower
16:04 Watch Tower
16:53 Watch Tower
17:12 Watch Tower
17:12 Watch Tower
17:39 Voodoo Lounge
18:33 Great Hall
18:38 Watch Tower
19:12 Watch Tower
19:13 Watch Tower
19:14 Watch Tower
19:17 Orc Burrow
19:26 Watch Tower
19:28 Watch Tower
20:56 Watch Tower
20:56 Watch Tower
21:00 Orc Burrow
21:23 Spirit Lodge
21:50 Watch Tower
21:51 Watch Tower
23:02 Watch Tower
23:06 Watch Tower
25:00 Great Hall
» items
| Healing Salve | 5 | |
| Lesser Clarity Potion | 10 | |
| Boots of Speed | 1 | |
| Staff of Teleportation | 1 | |
| Orb of Lightning | 1 | |
| Potion of Healing | 5 | |
| Potion of Mana | 1 | |
24 total
Chat log
(02:44 / All) corker: towering?
(02:49 / All) lllIIIIllIIllII: me no english
(02:55 / All) corker: lollllllllll
(24:29 / All) corker: whats the point of this?
(24:39 / All) lllIIIIllIIllII: me no english
(25:00 / All) corker: right.......